[Event "84th ESP-ch 2019"]
[Site "Marbella"]
[Date "2019.11.19"]
[Round "4.9"]
[White "Bernabeu Lopez, Carlos Javier"]
[Black "Arizmendi Martinez, Julen Luis"]
[Result "0-1"]
[ECO "D38"]
[WhiteElo "2366"]
[BlackElo "2517"]
[Annotator "ChessBase"]
[PlyCount "98"]
[EventDate "2019.11.16"]
[EventType "swiss"]
[EventCountry "ESP"]
[SourceTitle "playchess.com"]
[Source "ChessBase"]
[SourceQuality "1"]
[TimeControl "5400+30"]

1. d4 d5 2. c4 e6 3. Nf3 Nf6 4. Nc3 Bb4 5. Qa4+ Nc6 6. e3 O-O 7. Qc2 b6 8. a3 Bxc3+ 9. Qxc3 Ba6 10. b4 dxc4 11. Bxc4 Ne4 12. Qc2 Bxc4 13. Qxc4 Qd5 14. Qxd5 exd5 15. Bd2 Nd6 16. Rc1 Nc4 17. b5 Nd8 18. Bb4 Re8 19. Nd2 a5 20. bxa6 b5 21. a4 Nc6 22. Bc5 Nxd2 23. Kxd2 bxa4 24. a7 Nxa7 25. Bxa7 Rxa7 26. Rc5 Rd8 27. Rhc1 Rd7 28. Rb1 Kf8 29. Rbb5 a3 30. Rb1 Ke7 31. Ra1 Rd8 32. Ra2 Kd6 33. Rc3 Rda8 34. Ke2 Ra5 35. Kd2 R8a6 36. h3 Kd7 37. Ke2 g5 38. Kd3 f5 39. f3 h5 40. Rb3 h4 41. Rc3 Kd6 42. Kd2 Rb6 43. Kc2 Rc6 44. Rxc6+ Kxc6 45. Kb3 Kb5 46. Kc3 Ra8 47. Kb3 Ra6 48. Kc3 Ka4 49. Ra1 Rb6 0-1

[Event "84th ESP-ch 2019"]
[Site "Marbella"]
[Date "2019.11.19"]
[Round "4.10"]
[White "Espinosa Aranda, Angel"]
[Black "Pazos Porta, Antonio"]
[Result "1-0"]
[ECO "A48"]
[WhiteElo "2511"]
[BlackElo "2345"]
[Annotator "ChessBase"]
[PlyCount "89"]
[EventDate "2019.11.16"]
[EventType "swiss"]
[EventCountry "ESP"]
[SourceTitle "playchess.com"]
[Source "ChessBase"]
[SourceQuality "1"]
[TimeControl "5400+30"]

1. d4 Nf6 2. Nf3 g6 3. c4 Bg7 4. Nc3 d6 5. e4 Bg4 6. Be2 Nfd7 7. Be3 c5 8. d5 a6 9. Qd2 Qa5 10. O-O O-O 11. a4 Bxf3 12. gxf3 f5 13. Kh1 Qb4 14. exf5 Rxf5 15. f4 Nf6 16. a5 b5 17. cxb5 axb5 18. Nxb5 Na6 19. Qc2 Nxd5 20. Bc4 Rb8 21. Qd3 Kh8 22. Bxd5 Rxd5 23. Qxd5 Qxb5 24. Qe4 Nb4 25. Bd2 d5 26. Qxe7 Re8 27. Qg5 Nc2 28. Qxd5 Nxa1 29. Rxa1 Bxb2 30. Rb1 Qa6 31. Be3 Bg7 32. Qxc5 Qd3 33. Qb5 Qe4+ 34. Kg1 g5 35. Rb4 Qe6 36. f5 Qe7 37. a6 Bc3 38. Ra4 Rd8 39. a7 Qf8 40. Qc6 Qxf5 41. Qxc3+ Kg8 42. Qc4+ Kg7 43. Qc7+ Rd7 44. Qxd7+ Qxd7 45. a8=Q 1-0

[Event "84th ESP-ch 2019"]
[Site "Marbella"]
[Date "2019.11.19"]
[Round "4.11"]
[White "Asis Gargatagli, Hipolito"]
[Black "Mingarro Carceller, Sergi"]
[Result "1-0"]
[ECO "B53"]
[WhiteElo "2497"]
[BlackElo "2329"]
[Annotator "ChessBase"]
[PlyCount "85"]
[EventDate "2019.11.16"]
[EventType "swiss"]
[EventCountry "ESP"]
[SourceTitle "playchess.com"]
[Source "ChessBase"]
[SourceQuality "1"]
[TimeControl "5400+30"]

1. e4 c5 2. Nf3 d6 3. d4 cxd4 4. Qxd4 a6 5. Be2 Nc6 6. Qe3 g6 7. O-O Bg7 8. h3 Nf6 9. c4 O-O 10. Rd1 Nd7 11. Nc3 Nc5 12. Bd2 e5 13. Be1 f5 14. Rac1 f4 15. Qd2 Nd4 16. Nxd4 exd4 17. Nd5 Nxe4 18. Qa5 Bd7 19. Nb6 Rf5 20. c5 Rb8 21. Nxd7 Qxd7 22. Bg4 dxc5 23. Bxf5 gxf5 24. f3 b6 25. Qxa6 Nd6 26. b4 c4 27. Bf2 Qe6 28. Qa7 Rb7 29. Qa8+ Kf7 30. Rxd4 Bxd4 31. Bxd4 Rd7 32. Qh8 Kg6 33. a4 Qd5 34. Qf6+ Kh5 35. Bf2 Rf7 36. Qh4+ Kg6 37. Qxf4 Re7 38. Bxb6 Re2 39. Bc5 Nf7 40. Qd4 Qe6 41. Qxc4 Qe8 42. Bf2 Ng5 43. Qc6+ 1-0

[Event "84th ESP-ch 2019"]
[Site "Marbella"]
[Date "2019.11.19"]
[Round "4.12"]
[White "Alsina Leal, Daniel"]
[Black "Calzetta Ruiz, Monica"]
[Result "0-1"]
[ECO "B76"]
[WhiteElo "2467"]
[BlackElo "2251"]
[Annotator "ChessBase"]
[PlyCount "136"]
[EventDate "2019.11.16"]
[EventType "swiss"]
[EventCountry "ESP"]
[SourceTitle "playchess.com"]
[Source "ChessBase"]
[SourceQuality "1"]
[TimeControl "5400+30"]

1. e4 c5 2. Nf3 d6 3. d4 cxd4 4. Nxd4 Nf6 5. Nc3 g6 6. Be3 Bg7 7. f3 O-O 8. Qd2 Nc6 9. O-O-O d5 10. Nxc6 bxc6 11. Bh6 Be6 12. exd5 cxd5 13. Bxg7 Kxg7 14. g4 Qa5 15. g5 Nh5 16. Qd4+ Kg8 17. Nxd5 Rfd8 18. Bc4 Bxd5 19. Bxd5 e6 20. Bxa8 Rxd4 21. Rxd4 Qxa2 22. Rhd1 Qa1+ 23. Kd2 Qxb2 24. Rd8+ Kg7 25. Be4 Nf4 26. Rd7 a5 27. Ke3 Qe5 28. c4 Qxg5 29. Kd4 Ne2+ 30. Kd3 Nf4+ 31. Kd4 Qf6+ 32. Kc5 Qc3 33. Rb1 Qa3+ 34. Kc6 Qa4+ 35. Kd6 Qxc4 36. Rbb7 Qd4+ 37. Kc6 Qf6 38. Kb5 Nh3 39. Kxa5 Ng5 40. Kb4 h5 41. h4 Nxe4 42. fxe4 Qxh4 43. Rxf7+ Kh6 44. Rh7+ Kg5 45. Rb5+ Kf4 46. e5 Qe1+ 47. Kb3 g5 48. Rh6 Qd1+ 49. Kb4 Qd4+ 50. Ka3 Qc3+ 51. Ka4 h4 52. Rxe6 h3 53. Rf6+ Kg4 54. Rh6 Qc2+ 55. Ka3 h2 56. Rb2 Qc3+ 57. Ka2 Qa5+ 58. Kb3 Qb5+ 59. Ka3 Qc5+ 60. Rb4+ Kg3 61. Ka4 h1=Q 62. Rxh1 Qc6+ 63. Rb5 Qxh1 64. e6 g4 65. Rb6 Qe4+ 66. Kb5 Qe5+ 67. Ka6 Kh2 68. Kb7 g3 0-1

[Event "84th ESP-ch 2019"]
[Site "Marbella"]
[Date "2019.11.19"]
[Round "4.13"]
[White "Alvarez Fernandez, Enrique"]
[Black "Diaz Camallonga, Carles"]
[Result "1/2-1/2"]
[ECO "C07"]
[WhiteElo "2349"]
[BlackElo "2465"]
[Annotator "ChessBase"]
[PlyCount "79"]
[EventDate "2019.11.16"]
[EventType "swiss"]
[EventCountry "ESP"]
[SourceTitle "playchess.com"]
[Source "ChessBase"]
[SourceQuality "1"]
[TimeControl "5400+30"]

1. d4 e6 2. e4 d5 3. Nd2 c5 4. exd5 Qxd5 5. Ngf3 cxd4 6. Bc4 Qd6 7. O-O Nf6 8. Nb3 Nc6 9. Nbxd4 Nxd4 10. Qxd4 Qxd4 11. Nxd4 Bd7 12. Rd1 Rc8 13. Be2 Bc5 14. c3 e5 15. Nb3 Bb6 16. Bf3 Bc6 17. Re1 Nd7 18. Bxc6 Rxc6 19. Nd4 Bxd4 20. cxd4 f6 21. dxe5 fxe5 22. Bd2 Kd8 23. Bc3 Re8 24. Re4 Ree6 25. Rae1 Ke7 26. f3 Kf7 27. Kf1 Rc5 28. R1e3 g5 29. h4 h6 30. hxg5 hxg5 31. Kf2 a6 32. Rd3 Nf6 33. Re1 e4 34. Rde3 Nd5 35. Rxe4 Rxe4 36. Rxe4 Nxc3 37. bxc3 Rxc3 38. Rb4 Rc2+ 39. Kg3 Rxa2 40. Rxb7+ 1/2-1/2

[Event "84th ESP-ch 2019"]
[Site "Marbella"]
[Date "2019.11.19"]
[Round "4.14"]
[White "Martin Hernandez, Ruben"]
[Black "Gines Esteo, Pedro Antonio"]
[Result "0-1"]
[ECO "A06"]
[WhiteElo "2206"]
[BlackElo "2463"]
[Annotator "ChessBase"]
[PlyCount "104"]
[EventDate "2019.11.16"]
[EventType "swiss"]
[EventCountry "ESP"]
[SourceTitle "playchess.com"]
[Source "ChessBase"]
[SourceQuality "1"]
[TimeControl "5400+30"]

1. Nf3 d5 2. c4 c6 3. e3 Nf6 4. b3 Bg4 5. Bb2 Nbd7 6. Be2 Bxf3 7. gxf3 e5 8. Rg1 d4 9. exd4 exd4 10. Bxd4 Nc5 11. Be3 Ne6 12. Nc3 Qa5 13. Qc2 Ba3 14. c5 Bxc5 15. Qf5 Bb4 16. Qxa5 Bxa5 17. Bc4 O-O 18. Ne4 Nd5 19. Bxd5 cxd5 20. Nf6+ Kh8 21. Nxd5 Rfd8 22. b4 Rxd5 23. bxa5 Rxa5 24. Ke2 g6 25. Rgc1 Kg7 26. a4 Rd8 27. Rab1 b6 28. Rb4 Re5 29. Kf1 Rd3 30. Rc3 Rdd5 31. Rc8 Rd3 32. Rc3 Rd7 33. Rc8 Ra5 34. Ke2 Re7 35. Kf1 Rf5 36. Kg2 Rd7 37. Ra8 Ra5 38. Rc8 Rd3 39. Rc3 Rxc3 40. dxc3 Nc5 41. Rb5 Nxa4 42. Rxa5 bxa5 43. Bxa7 Nb2 44. Bd4+ f6 45. c4 Nxc4 46. f4 Kf7 47. Kf3 Ke6 48. Ke4 Nd6+ 49. Kd3 Kf5 50. h3 h5 51. Kc2 Nb5 52. Ba1 Nc7 0-1

[Event "84th ESP-ch 2019"]
[Site "Marbella"]
[Date "2019.11.19"]
[Round "4.16"]
[White "Garcia Vicente, Nieves"]
[Black "Larino Nieto, David"]
[Result "0-1"]
[ECO "A41"]
[WhiteElo "2175"]
[BlackElo "2473"]
[Annotator "ChessBase"]
[PlyCount "62"]
[EventDate "2019.11.16"]
[EventType "swiss"]
[EventCountry "ESP"]
[SourceTitle "playchess.com"]
[Source "ChessBase"]
[SourceQuality "1"]
[TimeControl "5400+30"]

1. d4 d6 2. Nf3 Nd7 3. c4 h6 4. Nc3 g5 5. e4 Bg7 6. Be3 e6 7. Be2 Ne7 8. d5 Ng6 9. Qd2 a6 10. O-O-O Nf4 11. Bf1 b5 12. Nd4 b4 13. Nce2 Nc5 14. Qc2 Qf6 15. g3 Ng6 16. f4 O-O 17. Bg2 exd5 18. fxg5 hxg5 19. Rhf1 Qe5 20. Nf5 dxc4 21. Nxg7 Qxg7 22. Bxg5 f6 23. Be3 Ne5 24. Nd4 Bg4 25. Rd2 Rab8 26. Kb1 b3 27. axb3 cxb3 28. Qc3 Qd7 29. Ne2 Bxe2 30. Rxe2 Qa4 31. Rd1 Nc4 0-1

[Event "84th ESP-ch 2019"]
[Site "Marbella"]
[Date "2019.11.19"]
[Round "4.17"]
[White "Huerga Leache, Mikel"]
[Black "Rey Malde, Henrique"]
[Result "1-0"]
[ECO "A45"]
[WhiteElo "2456"]
[BlackElo "2209"]
[Annotator "ChessBase"]
[PlyCount "63"]
[EventDate "2019.11.16"]
[EventType "swiss"]
[EventCountry "ESP"]
[SourceTitle "playchess.com"]
[Source "ChessBase"]
[SourceQuality "1"]
[TimeControl "5400+30"]

1. d4 Nf6 2. Bf4 d5 3. e3 c5 4. c3 Nc6 5. Nd2 Qb6 6. Qb3 g6 7. Qxb6 axb6 8. Bc7 Nd7 9. Bb5 Bg7 10. Ngf3 O-O 11. O-O f6 12. Rfe1 e5 13. dxe5 Ncxe5 14. e4 Nxf3+ 15. Nxf3 dxe4 16. Rxe4 Ne5 17. Nxe5 fxe5 18. Bxb6 Be6 19. Bxc5 Rfd8 20. a4 Rd2 21. Rb4 Rad8 22. Kf1 Bh6 23. Be2 Bd5 24. Rd1 Bc6 25. Rxd2 Rxd2 26. g3 Rc2 27. Bd3 Rc1+ 28. Ke2 Bg2 29. Be3 Bxe3 30. Kxe3 Re1+ 31. Kd2 Rh1 32. Be4 1-0

[Event "84th ESP-ch 2019"]
[Site "Marbella"]
[Date "2019.11.19"]
[Round "4.18"]
[White "Merario Alarcon, Andres"]
[Black "Martinez Piqueras, Carlos"]
[Result "1-0"]
[ECO "E32"]
[WhiteElo "2394"]
[BlackElo "2206"]
[Annotator "ChessBase"]
[PlyCount "47"]
[EventDate "2019.11.16"]
[EventType "swiss"]
[EventCountry "ESP"]
[SourceTitle "playchess.com"]
[Source "ChessBase"]
[SourceQuality "1"]
[TimeControl "5400+30"]

1. d4 Nf6 2. c4 e6 3. Nc3 Bb4 4. Qc2 b6 5. e4 c5 6. d5 Qe7 7. Nge2 exd5 8. exd5 b5 9. Bg5 h6 10. Bh4 bxc4 11. O-O-O d6 12. a3 Bxc3 13. Nxc3 O-O 14. Bxc4 Nbd7 15. Rde1 Qd8 16. f4 Qa5 17. g4 Ba6 18. Ba2 Rae8 19. Bb1 g6 20. Re6 fxe6 21. Qxg6+ Kh8 22. Qxh6+ Kg8 23. Qg6+ Kh8 24. g5 1-0

[Event "84th ESP-ch 2019"]
[Site "Marbella"]
[Date "2019.11.19"]
[Round "4.19"]
[White "Vega Gutierrez, Sabrina"]
[Black "Perera Borrego, Maria Adela"]
[Result "1-0"]
[ECO "C00"]
[WhiteElo "2374"]
[BlackElo "2201"]
[Annotator "ChessBase"]
[PlyCount "73"]
[EventDate "2019.11.16"]
[EventType "swiss"]
[EventCountry "ESP"]
[SourceTitle "playchess.com"]
[Source "ChessBase"]
[SourceQuality "1"]
[TimeControl "5400+30"]

1. e4 e6 2. Qe2 Nc6 3. Nf3 d5 4. exd5 Qxd5 5. Nc3 Qd8 6. d4 Be7 7. Be3 Nf6 8. O-O-O O-O 9. h4 b5 10. Ne5 Na5 11. Qxb5 c6 12. Qa4 Rb8 13. a3 Bd7 14. Nxd7 Nxd7 15. Bf4 Rxb2 16. Kxb2 Nb6 17. Qxa5 Nc4+ 18. Bxc4 Qxa5 19. Nb1 Bf6 20. Bb3 Qf5 21. Bg5 c5 22. Bxf6 Qxf6 23. Rh3 cxd4 24. Rf3 Qxh4 25. g3 Qg4 26. Rfd3 e5 27. Re1 Qf5 28. Nd2 Rb8 29. Ka2 Qh5 30. Nc4 Qf5 31. Rxe5 Qxf2 32. Nd6 g6 33. Re7 Qg2 34. Rxf7 Rxb3 35. Rxb3 Qd5 36. Rc7 a5 37. Kb2 1-0

[Event "84th ESP-ch 2019"]
[Site "Marbella"]
[Date "2019.11.19"]
[Round "4.20"]
[White "Arroyo Rodriguez, Jesus"]
[Black "Serarols Mabras, Bernat"]
[Result "0-1"]
[ECO "A06"]
[WhiteElo "2112"]
[BlackElo "2367"]
[Annotator "ChessBase"]
[PlyCount "66"]
[EventDate "2019.11.16"]
[EventType "swiss"]
[EventCountry "ESP"]
[SourceTitle "playchess.com"]
[Source "ChessBase"]
[SourceQuality "1"]
[TimeControl "5400+30"]

1. Nf3 d5 2. b3 c5 3. Bb2 Nc6 4. d4 cxd4 5. Nxd4 Nf6 6. e3 e6 7. Be2 Qa5+ 8. Qd2 Bb4 9. c3 Bd6 10. O-O O-O 11. c4 Bb4 12. Qc2 Nxd4 13. Bxd4 dxc4 14. Bxc4 Bd7 15. a3 Be7 16. Qb2 Bc6 17. b4 Qg5 18. f4 Qg6 19. Nc3 Rac8 20. Ba2 b6 21. Rac1 Rfd8 22. Bb1 Qh6 23. Qe2 Bb7 24. g4 Qh3 25. g5 Nd5 26. Nxd5 Bxd5 27. Bd3 Bb7 28. Rxc8 Rxc8 29. Qf2 f6 30. g6 hxg6 31. Bxg6 f5 32. Re1 Qh6 33. Qg3 Bh4 0-1

[Event "84th ESP-ch 2019"]
[Site "Marbella"]
[Date "2019.11.19"]
[Round "4.21"]
[White "Perez Garcia, Alejandro"]
[Black "Guadamuro Torrente, Anabel"]
[Result "1-0"]
[ECO "A04"]
[WhiteElo "2343"]
[BlackElo "2145"]
[Annotator "ChessBase"]
[PlyCount "65"]
[EventDate "2019.11.16"]
[EventType "swiss"]
[EventCountry "ESP"]
[SourceTitle "playchess.com"]
[Source "ChessBase"]
[SourceQuality "1"]
[TimeControl "5400+30"]

1. Nf3 b6 2. e4 Bb7 3. Nc3 e6 4. d4 Bb4 5. Bd3 Nf6 6. Nd2 d6 7. O-O Nbd7 8. f4 e5 9. a3 exd4 10. axb4 dxc3 11. bxc3 O-O 12. Bb2 Re8 13. Qf3 a5 14. g4 Qe7 15. Rae1 h6 16. h4 d5 17. e5 Ne4 18. Nxe4 dxe4 19. Bxe4 Bxe4 20. Rxe4 Qxh4 21. Re2 Qe7 22. g5 axb4 23. gxh6 Qc5+ 24. Kh1 bxc3 25. Bxc3 Ra3 26. Qg2 g6 27. f5 Ra4 28. h7+ Kh8 29. Qh3 Nxe5 30. fxg6 Qc6+ 31. Rg2 fxg6 32. Bxe5+ Rxe5 33. Rf8+ 1-0

[Event "84th ESP-ch 2019"]
[Site "Marbella"]
[Date "2019.11.19"]
[Round "4.22"]
[White "Berrocal Ruiz, Valentin"]
[Black "Gomez Dieguez, David"]
[Result "1-0"]
[ECO "B39"]
[WhiteElo "2143"]
[BlackElo "2336"]
[Annotator "ChessBase"]
[PlyCount "61"]
[EventDate "2019.11.16"]
[EventType "swiss"]
[EventCountry "ESP"]
[SourceTitle "playchess.com"]
[Source "ChessBase"]
[SourceQuality "1"]
[TimeControl "5400+30"]

1. Nf3 Nf6 2. c4 c5 3. Nc3 Nc6 4. d4 cxd4 5. Nxd4 g6 6. e4 Bg7 7. Be3 Ng4 8. Qxg4 Nxd4 9. Qd1 Ne6 10. Rc1 Qa5 11. Be2 b6 12. Qd5 Qxd5 13. cxd5 Nd4 14. Bd3 O-O 15. O-O f5 16. e5 Bxe5 17. f4 Bg7 18. Rfd1 d6 19. Bb1 e5 20. dxe6 Nxe6 21. Rxd6 Re8 22. a3 Nc5 23. Ba2+ Kf8 24. Nd5 Bxb2 25. Rxc5 Bxa3 26. Rf6+ Kg7 27. Rc7+ Kh6 28. Rff7 Rh8 29. Nf6 g5 30. fxg5+ Kg6 31. Rg7# 1-0

[Event "84th ESP-ch 2019"]
[Site "Marbella"]
[Date "2019.11.19"]
[Round "4.23"]
[White "Guerra Rivera, Salvador"]
[Black "Collado Barbas, Laura"]
[Result "1-0"]
[ECO "C05"]
[WhiteElo "2334"]
[BlackElo "2142"]
[Annotator "ChessBase"]
[PlyCount "55"]
[EventDate "2019.11.16"]
[EventType "swiss"]
[EventCountry "ESP"]
[SourceTitle "playchess.com"]
[Source "ChessBase"]
[SourceQuality "1"]
[TimeControl "5400+30"]

1. e4 e6 2. d4 d5 3. Nd2 Nf6 4. e5 Nfd7 5. f4 c5 6. Ngf3 Nc6 7. Nb3 cxd4 8. Nfxd4 Nc5 9. Be3 Ne4 10. Bd3 f5 11. O-O g6 12. a3 a6 13. c4 Nxd4 14. Nxd4 dxc4 15. Bxc4 Bc5 16. Qd3 b5 17. Ba2 Kf7 18. Rac1 Re8 19. Rfd1 Bb6 20. Rc6 Bxd4 21. Qxd4 Bb7 22. Rxe6 Qxd4 23. Rf6+ Kg7 24. Rf7+ Kh8 25. Bxd4 Bc6 26. e6+ Kg8 27. Rg7+ Kf8 28. e7+ 1-0

[Event "84th ESP-ch 2019"]
[Site "Marbella"]
[Date "2019.11.19"]
[Round "4.24"]
[White "Rahal, Michael A"]
[Black "Romero Calduch, Sergio"]
[Result "1-0"]
[ECO "B12"]
[WhiteElo "2309"]
[BlackElo "2130"]
[Annotator "ChessBase"]
[PlyCount "103"]
[EventDate "2019.11.16"]
[EventType "swiss"]
[EventCountry "ESP"]
[SourceTitle "playchess.com"]
[Source "ChessBase"]
[SourceQuality "1"]
[TimeControl "5400+30"]

1. e4 c6 2. d4 d5 3. f3 dxe4 4. fxe4 e5 5. Nf3 exd4 6. Bc4 Nf6 7. O-O Be7 8. Ng5 O-O 9. Nxf7 Rxf7 10. Bxf7+ Kxf7 11. e5 Kg8 12. exf6 Bxf6 13. Nd2 Be6 14. Ne4 Be7 15. Qh5 Bc4 16. Ng5 Bxg5 17. Bxg5 Qc8 18. Rf4 Nd7 19. Rxd4 Bf7 20. Qh3 Nf8 21. Qxc8 Rxc8 22. Rd8 Rxd8 23. Bxd8 Bd5 24. Bc7 Kf7 25. Be5 g6 26. Rf1+ Ke7 27. Bd6+ Kxd6 28. Rxf8 a5 29. a3 a4 30. Kf2 b5 31. g3 Be4 32. Rd8+ Kc5 33. Rd2 Bf5 34. Ke3 h5 35. h4 b4 36. axb4+ Kxb4 37. Rd4+ Kb5 38. Kd2 c5 39. Rf4 Ka5 40. Kc3 Kb5 41. Rf2 Be4 42. Rf8 Bf5 43. Rb8+ Kc6 44. Kd2 Be6 45. Re8 Bd7 46. Rg8 Bf5 47. c4 Kb6 48. Rb8+ Kc7 49. Rb5 Kd6 50. Rb6+ Ke5 51. Ke3 Be6 52. Rc6 1-0

[Event "84th ESP-ch 2019"]
[Site "Marbella"]
[Date "2019.11.19"]
[Round "4.26"]
[White "Guillo Longares, Cecilia"]
[Black "Jimenez Ruano, Adrian"]
[Result "1-0"]
[ECO "E67"]
[WhiteElo "2100"]
[BlackElo "2269"]
[Annotator "ChessBase"]
[PlyCount "151"]
[EventDate "2019.11.16"]
[EventType "swiss"]
[EventCountry "ESP"]
[SourceTitle "playchess.com"]
[Source "ChessBase"]
[SourceQuality "1"]
[TimeControl "5400+30"]

1. d4 Nf6 2. c4 g6 3. Nf3 Bg7 4. g3 O-O 5. Bg2 d6 6. O-O Nbd7 7. Nc3 e5 8. dxe5 dxe5 9. h3 c6 10. Be3 Qe7 11. Qc1 Re8 12. Rd1 a5 13. b3 Nc5 14. Nd2 Be6 15. Kh2 Qf8 16. Qa3 Nfd7 17. Nde4 Nxe4 18. Qxf8+ Nxf8 19. Nxe4 f5 20. Nd6 Re7 21. Rd2 e4 22. Rad1 Bc3 23. Rc2 Bb4 24. c5 Bd5 25. g4 Be6 26. gxf5 gxf5 27. Rg1 Rg7 28. Bd4 Rg6 29. Nxb7 Bd5 30. Nd6 Rxd6 31. cxd6 Bxd6+ 32. Kh1 Kf7 33. e3 Ng6 34. Bf1 c5 35. Bb2 a4 36. Bc4 Bxc4 37. bxc4 Be7 38. Rd2 Ke6 39. Bc3 a3 40. Rb1 Ra4 41. Rb3 Ra6 42. Rd5 Bd6 43. Rd1 f4 44. Rb7 Ne7 45. exf4 h6 46. Be5 Bxe5 47. fxe5 Nf5 48. Rd5 Ra8 49. Rxc5 Nd4 50. Rb6+ Kf5 51. e6+ Kf6 52. e7+ Kxe7 53. Rc7+ Kf8 54. Rxh6 Kg8 55. Rg6+ Kh8 56. Rc5 Kh7 57. Rg4 Kh6 58. Rxe4 Nf3 59. Re6+ Kh7 60. Rc7+ Kh8 61. Rd7 Rb8 62. Kg2 Nh4+ 63. Kh2 Nf3+ 64. Kg3 Rf8 65. Rh6+ Kg8 66. Rhh7 Rf6 67. Rdg7+ Kf8 68. Rg4 Ng1 69. Re4 Rg6+ 70. Kf4 Kg8 71. Ra7 Nxh3+ 72. Ke3 Kf8 73. Rh4 Re6+ 74. Kd2 Kg8 75. Rxh3 Re4 76. Rb3 1-0

[Event "84th ESP-ch 2019"]
[Site "Marbella"]
[Date "2019.11.19"]
[Round "4.27"]
[White "Moral Garcia, Serafin"]
[Black "Carbonell Bofill, Carlos Eloy"]
[Result "1-0"]
[ECO "B30"]
[WhiteElo "2267"]
[BlackElo "2098"]
[Annotator "ChessBase"]
[PlyCount "117"]
[EventDate "2019.11.16"]
[EventType "swiss"]
[EventCountry "ESP"]
[SourceTitle "playchess.com"]
[Source "ChessBase"]
[SourceQuality "1"]
[TimeControl "5400+30"]

1. e4 c5 2. Nf3 Nc6 3. Bb5 Nf6 4. Qe2 Qc7 5. O-O a6 6. Bxc6 Qxc6 7. d3 g6 8. e5 Nd5 9. c4 Nc7 10. Nc3 b5 11. Bf4 Bb7 12. Qe3 h6 13. Bg3 h5 14. Bh4 Bh6 15. Bg5 Bxg5 16. Qxg5 Ne6 17. Qe3 Nd4 18. Nd5 e6 19. Nxd4 cxd4 20. Nf6+ Kf8 21. Qh3 g5 22. f3 Ke7 23. Qg3 Rag8 24. Nxg8+ Rxg8 25. Rf2 bxc4 26. Rc1 d5 27. exd6+ Qxd6 28. Qxd6+ Kxd6 29. Rxc4 e5 30. Rfc2 g4 31. Rb4 Ba8 32. Rb6+ Kd7 33. fxg4 Rxg4 34. Rxa6 Bd5 35. Re2 e4 36. dxe4 d3 37. Rd2 Bxe4 38. Ra3 h4 39. Raxd3+ Ke6 40. Rc3 f5 41. b4 Bd5 42. Re3+ Be4 43. a3 Ke5 44. Rc3 Bb7 45. Rc5+ Kf6 46. b5 h3 47. g3 Ra4 48. Rd3 Be4 49. Re3 Rd4 50. Kf2 Rd1 51. g4 Rd2+ 52. Re2 Rd3 53. gxf5 Bxf5 54. Re3 Rd2+ 55. Ke1 Rxh2 56. Rf3 Rh1+ 57. Kf2 h2 58. Rfxf5+ Kg6 59. Kg2 1-0

[Event "84th ESP-ch 2019"]
[Site "Marbella"]
[Date "2019.11.19"]
[Round "4.28"]
[White "Sosa Suarez, Carla Cristina"]
[Black "Kolotilina, Liudmila"]
[Result "1/2-1/2"]
[ECO "B06"]
[WhiteElo "2022"]
[BlackElo "2242"]
[Annotator "ChessBase"]
[PlyCount "102"]
[EventDate "2019.11.16"]
[EventType "swiss"]
[EventCountry "ESP"]
[SourceTitle "playchess.com"]
[Source "ChessBase"]
[SourceQuality "1"]
[TimeControl "5400+30"]

1. e4 d6 2. d4 g6 3. Nc3 Bg7 4. Be3 a6 5. f4 b5 6. a3 Bb7 7. Nf3 Nf6 8. e5 Ng4 9. Bg1 O-O 10. Bd3 c5 11. dxc5 Nd7 12. c6 Bxc6 13. Qe2 dxe5 14. h3 Ngf6 15. fxe5 Nd5 16. Nxd5 Bxd5 17. Bd4 e6 18. O-O Nb6 19. Bc5 Re8 20. Qe3 Nd7 21. Bd4 Bxf3 22. Rxf3 Qc7 23. Re1 Rac8 24. a4 Nc5 25. axb5 Nxd3 26. Qxd3 axb5 27. Qxb5 Qxc2 28. Ref1 Rf8 29. Bc3 Qe4 30. Qd7 Rcd8 31. Qe7 Rde8 32. Qc5 Rc8 33. Qf2 Rc7 34. Rf4 Qd5 35. Bb4 Qxe5 36. Bxf8 Bxf8 37. Kh1 Bd6 38. Qd4 Qxd4 39. Rxd4 Bg3 40. b4 e5 41. Rd3 Bh4 42. Re3 f6 43. b5 Rb7 44. Rb3 e4 45. g3 Bg5 46. h4 Bd2 47. Rxf6 e3 48. Re6 Kf7 49. Rexe3 Bxe3 50. Rxe3 Rxb5 51. Kg2 Kf6 1/2-1/2

[Event "84th ESP-ch 2019"]
[Site "Marbella"]
[Date "2019.11.19"]
[Round "4.29"]
[White "Garcia Romero, Benjamin Abel"]
[Black "Ruiz Buendia, Miguel"]
[Result "1-0"]
[ECO "A40"]
[WhiteElo "2234"]
[BlackElo "1875"]
[Annotator "ChessBase"]
[PlyCount "85"]
[EventDate "2019.11.16"]
[EventType "swiss"]
[EventCountry "ESP"]
[SourceTitle "playchess.com"]
[Source "ChessBase"]
[SourceQuality "1"]
[TimeControl "5400+30"]

1. d4 Nf6 2. c4 e6 3. g3 Bb4+ 4. Bd2 a5 5. Bg2 O-O 6. e4 d6 7. Ne2 Nbd7 8. O-O e5 9. Nbc3 Re8 10. Qc2 exd4 11. Nxd4 Ne5 12. b3 Bc5 13. Nf5 Nc6 14. Rad1 Bxf5 15. exf5 Qd7 16. Qd3 Ne5 17. Qb1 Nc6 18. Bg5 Ng4 19. h3 Nge5 20. Kh1 Nd4 21. Be3 Nec6 22. Nb5 Rxe3 23. fxe3 Nxb5 24. cxb5 Ne5 25. f6 Re8 26. fxg7 Bxe3 27. Kh2 Kxg7 28. a4 b6 29. Rf5 Re6 30. Rdf1 Rg6 31. Bd5 f6 32. b4 axb4 33. Qxb4 Qe8 34. Qe4 Rh6 35. Kg2 Bg5 36. h4 Bd2 37. R1f2 Ba5 38. Rc2 Qd7 39. h5 Qe7 40. g4 Qd7 41. Bb3 d5 42. Bxd5 Kh8 43. Rxe5 1-0

[Event "84th ESP-ch 2019"]
[Site "Marbella"]
[Date "2019.11.19"]
[Round "4.30"]
[White "Hernando Rodrigo, Inmaculada"]
[Black "Martin Carmona, Gaston Manuel"]
[Result "1-0"]
[ECO "A08"]
[WhiteElo "1863"]
[BlackElo "2304"]
[Annotator "ChessBase"]
[PlyCount "65"]
[EventDate "2019.11.16"]
[EventType "swiss"]
[EventCountry "ESP"]
[SourceTitle "playchess.com"]
[Source "ChessBase"]
[SourceQuality "1"]
[TimeControl "5400+30"]

1. Nf3 Nf6 2. g3 e6 3. Bg2 d5 4. O-O Be7 5. d3 c5 6. Nbd2 Nc6 7. e4 O-O 8. Re1 Qc7 9. c3 b6 10. Nf1 dxe4 11. dxe4 Ba6 12. Qa4 Qb7 13. Bg5 h6 14. e5 Nd5 15. Bxe7 Ndxe7 16. Rad1 Rad8 17. Rd6 b5 18. Qe4 Qc7 19. Rxd8 Rxd8 20. N3d2 Rd5 21. f4 Qd7 22. Qe2 Rd3 23. Be4 b4 24. Bxd3 Bxd3 25. Qf2 bxc3 26. bxc3 c4 27. Ne3 Na5 28. Nf3 Nac6 29. Rd1 Nd5 30. Nxd5 exd5 31. Nd4 Nxd4 32. Qxd4 Qa4 33. Rxd3 1-0

[Event "84th ESP-ch 2019"]
[Site "Marbella"]
[Date "2019.11.19"]
[Round "4.31"]
[White "Hernando Rodrigo, Julio Antonio"]
[Black "De La Cruz Revilla, Miguel"]
[Result "1/2-1/2"]
[ECO "A50"]
[WhiteElo "2271"]
[BlackElo "2138"]
[Annotator "ChessBase"]
[PlyCount "68"]
[EventDate "2019.11.16"]
[EventType "swiss"]
[EventCountry "ESP"]
[SourceTitle "playchess.com"]
[Source "ChessBase"]
[SourceQuality "1"]
[TimeControl "5400+30"]

1. d4 Nf6 2. c4 Nc6 3. Nf3 e6 4. g3 Bb4+ 5. Bd2 Qe7 6. a3 Bxd2+ 7. Qxd2 d6 8. Nc3 O-O 9. Bg2 e5 10. Nd5 Nxd5 11. cxd5 Nxd4 12. Nxd4 exd4 13. Qxd4 Bd7 14. Rd1 Rfe8 15. e3 Bb5 16. a4 c5 17. dxc6 Bxc6 18. O-O Bxg2 19. Kxg2 a6 20. a5 Rad8 21. Rd3 Qc7 22. Qb6 Re7 23. Rc1 Qxb6 24. axb6 f6 25. Rd5 Kf7 26. Kf3 Rdd7 27. e4 Re5 28. Ke3 Rde7 29. Rxe5 dxe5 30. f4 Rd7 31. Rc5 Ke6 32. b4 Rd6 33. f5+ Ke7 34. Rc7+ Rd7 1/2-1/2